 Dungeon Crawl Stone Soup version 0.23.2-1-ga50397a6bc (webtiles) character file.

Game seed: 6300010491355395496

117 Mrkan the Slasher (level 5, 0/43 HPs)
             Began as a Barachi Fighter on May 20, 2019.
             Slain by Crazy Yiuf
             ... wielding a +3 quarterstaff of chaos
              (1 damage)
             ... on level 3 of the Dungeon.
             The game lasted 00:03:38 (2983 turns).

Mrkan the Slasher (Barachi Fighter)                 Turns: 2983, Time: 00:03:39

Health: 0/43       AC:  6    Str: 18    XL:     5   Next: 1%
Magic:  5/5        EV:  7    Int:  8    God:
Gold:   86         SH:  9    Dex: 12    Spells: 4/4 levels left

rFire    . . .     SeeInvis .   a - +0 long sword
rCold    . . .     Gourm    .   c - +0 shield
rNeg     . . .     Faith    .   b - +0 scale mail
rPois    .         Spirit   .   (no helmet)
rElec    .         Reflect  .   (no cloak)
rCorr    .         Harm     .   (no gloves)
MR       .....                  (no boots)
Stlth    ..........             (no amulet)
HPRegen  0.14/turn              (no ring)
MPRegen  0.09/turn              (no ring)

@: lethally poisoned (0 -> -5), drained, slow
A: +LOS, swims, slowness 1, strong legs 1
a: Hop


You were on level 3 of the Dungeon.
You were hungry.

You visited 1 branch of the dungeon, and saw 3 of its levels.

You collected 86 gold pieces.

Inventory:

Hand Weapons
 a - a +0 long sword (weapon)
Armour
 b - a +0 scale mail (worn)
 c - a +0 shield (worn)
Jewellery
 q - an uncursed amulet of guardian spirit {unknown}
 r - an uncursed ring of wizardry {unknown}
Scrolls
 e - a scroll of amnesia {unknown}
 i - 2 scrolls of identify {unknown}
 j - a scroll of enchant weapon {unknown}
 k - 3 scrolls of teleportation {unknown}
 p - 2 scrolls of remove curse {unknown}
Potions
 d - a potion of brilliance {unknown}
 g - 2 potions of flight {unknown}
 h - 4 potions of curing
 l - a potion of lignification {unknown}
 m - a potion of agility {unknown}
 n - a potion of haste {unknown}
 o - 2 potions of heal wounds {unknown}
 s - a potion of ambrosia {unknown}
Comestibles
 f - 8 rations


   Skills:
 + Level 4.5(3.9) Fighting
 * Level 4.6(4.0) Long Blades
 - Level 3.6(3.0) Armour
 + Level 4.1(3.5) Shields


You had 4 spell levels left.
You didn't know any spells.
Your spell library was empty.

Dungeon Overview and Level Annotations

Branches:
Dungeon (3/15)

Altars:
Qazlal
Ru
Uskayaw

Annotations:
D:3 Crazy Yiuf


Innate Abilities, Weirdness & Mutations

Shadows flee at your approach. (+LOS)
You can swim through water.
You cover ground slowly.
You can hop short distances.


Message History

Crazy Yiuf is moderately wounded.
You feel sick.
Crazy Yiuf hits you with a +3 quarterstaff of chaos.
You feel drained.
You hit Crazy Yiuf.
Crazy Yiuf is heavily wounded.
You feel sick. You block Crazy Yiuf's attack.
Crazy Yiuf hits you but does no damage.
You slash Crazy Yiuf!
Crazy Yiuf is almost dead.
You feel sick.
Crazy Yiuf hits you with a +3 quarterstaff of chaos!
* * * LOW HITPOINT WARNING * * *
Crazy Yiuf draws strength from your wounds!
You completely miss Crazy Yiuf.
Crazy Yiuf is severely wounded.
* * * LOW HITPOINT WARNING * * *
You feel sick.
Crazy Yiuf hits you with a +3 quarterstaff of chaos.
You die...

##...# ####.####
.# #....## .#
####.<# .# ##.#
## ##.#
.######..# ###
♣♣#### ........##
#)..#♣♣ ♣♣..#.##
...######
#...g@♣♣♣♣......#
#..####
#...#♣..♣.......#
......# ###
♣♣♣.♣...#..#
##...##
♣♣♣♣♣##)##
...#.#### #.#
.###....# ##.# .#
####.# #..# .#
##.### #.## .#
#....# #.#


You could see Crazy Yiuf.

Vanquished Creatures
  5 adders
  3 worms (D:2)
  A leopard gecko (D:3)
  3 giant cockroaches
  7 goblins
  9 hobgoblins
  13 kobolds
  2 quokkas (D:3)
  8 bats
  9 frilled lizards
  4 rats
64 creatures vanquished.

Notes
Turn   | Place    | Note
-------+----------+-------------------------------------------
     0 | D:1      | Mrkan the Barachi Fighter began the quest for the Orb.
     0 | D:1      | Reached XP level 1. HP: 18/18 MP: 1/1
   165 | D:1      | Reached XP level 2. HP: 19/25 MP: 2/2
   598 | D:1      | Reached XP level 3. HP: 23/30 MP: 3/3
  1242 | D:2      | Found a sacrificial altar of Ru.
  1715 | D:2      | Reached XP level 4. HP: 33/37 MP: 4/4
  2080 | D:2      | Found a faded altar of an unknown god.
  2459 | D:3      | Found a hide-covered altar of Uskayaw.
  2459 | D:3      | Noticed a +0 dagger
  2459 | D:3      | Noticed a +0 dagger
  2535 | D:3      | Found a stormy altar of Qazlal.
  2821 | D:3      | Reached XP level 5. HP: 40/43 MP: 5/5
  2963 | D:3      | Found a runed translucent door.
  2964 | D:3      | Noticed Crazy Yiuf
  2982 | D:3      | HP: 2/43 [Crazy Yiuf/+3 quarterstaff of chaos (14)]
  2983 | D:3      | Slain by Crazy Yiuf

Skill      XL: |  1  2  3  4 |
---------------+-------------+-----
Long Blades    | 3 4 |  4.6
Fighting       | 4 |  4.5
Shields        | 4 |  4.1
Armour         | |  3.6

Action                   |  1- 3 |  4- 6 || total
-------------------------+-------+-------++-------
Melee: Long sword        |   132 |   114 ||   246
  Use: Potion            |       |     2 ||     2
  Eat: Chunk             |     4 |     4 ||     8
Armor: Scale mail        |    63 |    51 ||   114
Dodge: Dodged            |    48 |    36 ||    84
Block: Shield            |    65 |    53 ||   118
       Rpst.: Long sword |    14 |    15 ||    29
